 Dungeon Crawl Stone Soup version 0.22.0-40-g68aacdc (webtiles) character file.

559473 Lavandula the Executioner (level 24, -1/215 (218) HPs)
             Began as a Centaur Berserker on Aug 31, 2018.
             Was the Champion of the Shining One.
             Slain by an Executioner (7 damage)
             ... summoned by Gloorx Vloq
             ... while paralysed by a floating eye
             ... in Pandemonium on Sept 2, 2018.
             The game lasted 03:53:24 (28830 turns).

Lavandula the Executioner (Centaur Berserker)      Turns: 28830, Time: 03:53:24

HP:   -1/215 (218)  AC: 46    Str: 21      XL:     24   Next: 7%
MP:   48/48         EV:  1    Int: 10 (11) God:    the Shining One [******]
Gold: 902           SH:  0    Dex: 11      Spells: 6/38 levels left

rFire    . . .     SeeInvis .   e - +4 executioner's axe (holy)
rCold    . . .     Gourm    .   (shield currently unavailable)
rNeg     + + +     Faith    .   q - +9 plate armour of Jaikk {rN+}
rPois    +         Spirit   .   m - +3 hat of Pondering {ponderous, MR+ MP+10 Int+5}
rElec    +         Reflect  .   t - +2 ratskin cloak {+Rats rPois rN+ Str-1 Int-1 Dex+1}
rCorr    .         Harm     .   L - +2 pair of gloves
MR       ++++.                  Q - +4 centaur barding
Stlth    ..........             O - amulet of Vitality {Regen+ HP+15}
HPRegen  0.00/turn              o - +4 ring of protection
MPRegen  0.31/turn              g - ring "Wofef" {+Inv rElec rPois rN+ MR+}

@: paralysed, glowing, deflect missiles, quick
A: large, hooves 3, horns 1, clumsy 1, deformed body, dopey 1, speed 2, frail 1,
high mp 1, magic resistance 1, inhibited regeneration, tough skin 3, weak 2, no
potion heal 1
}: 5/15 runes: barnacled, slimy, demonic, dark, gossamer
a: Divine Shield, Cleansing Flame, Summon Divine Warrior, Renounce Religion,
Evoke Ratskin, Evoke Invisibility


You were in Pandemonium.
You worshipped the Shining One.
The Shining One was exalted by your worship.
You were not hungry.

You visited 10 branches of the dungeon, and saw 45 of its levels.
You visited Pandemonium 1 time, and saw 10 of its levels.
You visited 1 ziggurat, and saw 9 of its levels.
You also visited: Labyrinth, Bailey and Ice Cave.

You collected 4206 gold pieces.
You spent 3304 gold pieces at shops.

Inventory:

Hand Weapons
 e - a +4 executioner's axe of holy wrath (weapon)
 j - the +4 battleaxe of Patience {speed, Str+3}
   (You found it in Pandemonium)

   Attacks with this weapon are significantly faster.
   It affects your strength (+3).
 U - a +5 battleaxe of chopping
Missiles
 S - 14 poisoned javelins (quivered)
 V - 4 throwing nets
Armour
 b - a +0 troll leather armour
 f - the -5 pair of gloves "Homiysao" {+Fly rElec rC+++ Str-4}
   (You found it on level 5 of the Pits of Slime)

   It affects your strength (-4).
   It renders you almost immune to cold.
   It insulates you from electricity.
   It lets you fly.
 m - the +3 hat of Pondering (worn) {ponderous, MR+ MP+10 Int+5}
   (You took it off Gastronok on level 1 of the Lair of Beasts)

   It affects your intelligence (+5).
   It affects your resistance to hostile enchantments.
   It affects your magic capacity (+10).
 q - the +9 plate armour of Jaikk (worn) {rN+}
   (You found it on level 4 of the Dungeon)

   It protects you from negative energy.
 t - the +2 ratskin cloak (worn) {+Rats rPois rN+ Str-1 Int-1 Dex+1}
   (You found it on level 5 of the Dungeon)

   It affects your strength (-1).
   It affects your intelligence (-1).
   It affects your dexterity (+1).
   It protects you from poison.
   It protects you from negative energy.
 L - a +2 pair of gloves (worn)
 Q - a +4 centaur barding (worn)
Magical Staves
 l - an uncursed staff of energy
 P - an uncursed staff of wizardry
Jewellery
 g - the ring "Wofef" (right hand) {+Inv rElec rPois rN+ MR+}
   (You bought it in a shop on level 1 of the Vaults)

   [ring of poison resistance]

   It insulates you from electricity.
   It protects you from poison.
   It protects you from negative energy.
   It affects your resistance to hostile enchantments.
   It lets you turn invisible.
 o - a +4 ring of protection (left hand)
 u - an uncursed amulet of the acrobat
 B - the amulet of the Air {Inacc +Fly rElec EV+5 RMsl}
   (You found it on level 5 of the Pits of Slime)

   [amulet of inaccuracy]

   It reduces the accuracy of all your attacks.
   It affects your evasion (+5).
   It insulates you from electricity.
   It lets you fly.
   It protects you from missiles.
 G - an uncursed ring of protection from magic
 I - an uncursed ring of protection from cold
 J - an uncursed ring of fire
 N - an uncursed ring of wizardry
 O - the amulet of Vitality (around neck) {Regen+ HP+15}
   (You found it on level 8 of a ziggurat)

   [amulet of regeneration]

   It affects your health (+15).
   It increases your rate of regeneration.
 W - an uncursed ring of resist corrosion
Wands
 p - a wand of iceblast (10)
 x - a wand of enslavement (8)
 y - a wand of paralysis (31)
 C - a wand of digging (14)
 Z - a wand of acid (1)
Scrolls
 a - a scroll of blinking
 k - 3 scrolls of fear
 n - 12 scrolls of remove curse
 v - a scroll of magic mapping
 w - 2 scrolls of teleportation
 z - a scroll of fog
 K - 4 scrolls of summoning
 M - 4 scrolls of identify
Potions
 d - 9 potions of brilliance
 h - a potion of curing
 r - 5 potions of cancellation
 D - 5 potions of mutation
 F - 2 potions of haste
 H - a potion of berserk rage
 R - 5 potions of agility
 T - a potion of magic
Miscellaneous
 i - a fan of gales
 A - a lightning rod (4/4)
 E - a lamp of fire
 X - 2 phantom mirrors
 Y - a sack of spiders
Comestibles
 c - 18 rations


   Skills:
 - Level 20.6 Fighting
 - Level 21.3 Axes
 - Level 3.2 Throwing
 - Level 11.0 Armour
 - Level 8.0 Dodging
   Level 3.8 Shields
 - Level 7.7 Spellcasting
 - Level 7.0 Charms
 - Level 5.5 Translocations
 + Level 5.3 Transmutations
 - Level 4.6 Air Magic
 + Level 7.9 Earth Magic
 - Level 9.7 Invocations
 - Level 10.1 Evocations


You had 6 spell levels left.
You knew the following spells:

 Your Spells              Type           Power        Failure   Level  Hunger
a - Shroud of Golubria    Chrm/Tloc      ###.......   28%         2    ##.....
b - Blink                 Tloc           N/A          36%         2    ##.....
c - Song of Slaying       Chrm           ###.....     21%         2    ##.....
d - Passage of Golubria   Tloc           N/A          94%         4    ####...
e - Deflect Missiles      Chrm/Air       ###.......   100%        6    #######
f - Irradiate             Conj/Tmut      #.........   100%        5    ######.
g - Apportation           Tloc           ##....       26%         1    None
h - Summon Butterflies    Summ           #.......     94%         1    None
i - Spectral Weapon       Hex/Chrm       ##......     86%         3    ###....
j - Statue Form           Tmut/Erth      ###......    100%        6    #######

Your spell library contained the following spells:

 Spells                   Type           Power        Failure   Level  Hunger
 Sandblast                Erth           ###...       10%         1    None
 Infusion                 Chrm           ###.         14%         1    None
 Passwall                 Tmut/Erth      ###.....     24%         2    ##.....
 Sticks to Snakes         Tmut           ##......     38%         2    ##.....
 Gell's Gravitas          Tloc           ##........   58%         3    ###....
 Lesser Beckoning         Tloc           ##........   58%         3    ###....
 Teleport Other           Tloc           ##......     58%         3    ###....
 Poisonous Vapours        Pois/Air       #.....       80%         2    ##.....
 Stone Arrow              Conj/Erth      ##....       82%         3    ###....
 Petrify                  Tmut/Erth      ###.....     85%         4    ####...
 Ozocubu's Armour         Chrm/Ice       ##......     86%         3    ###....
 Regeneration             Chrm/Necr      ##........   86%         3    ###....
 Recall                   Summ/Tloc      N/A          93%         3    ###....
 Animate Skeleton         Necr           N/A          94%         1    None
 Confusing Touch          Hex            #.....       94%         1    None
 Corona                   Hex            #......      94%         1    None
 Flame Tongue             Conj/Fire      #....        94%         1    None
 Freeze                   Ice            #...         94%         1    None
 Magic Dart               Conj           #...         94%         1    None
 Sting                    Conj/Pois      #...         94%         1    None
 Summon Small Mammal      Summ           #...         94%         1    None
 Static Discharge         Conj/Air       #.......     95%         3    ###....
 Lee's Rapid Deconstruct  Erth           ###.......   95%         5    ######.
 Call Imp                 Summ           #.......     98%         2    ##.....
 Ensorcelled Hibernation  Hex/Ice        #.....       98%         2    ##.....
 Slow                     Hex            #.......     98%         2    ##.....
 Throw Flame              Conj/Fire      #.....       98%         2    ##.....
 Mephitic Cloud           Conj/Pois/Air  #.......     98%         3    ###....
 Call Canine Familiar     Summ           #.......     100%        3    ###....
 Confuse                  Hex            #.......     100%        3    ###....
 Conjure Flame            Conj/Fire      #.......     100%        3    ###....
 Dazzling Spray           Conj/Hex       #.....       100%        3    ###....
 Inner Flame              Hex/Fire       #.......     100%        3    ###....
 Summon Guardian Golem    Hex/Summ       #.......     100%        3    ###....
 Tukima's Dance           Hex            #.......     100%        3    ###....
 Animate Dead             Necr           N/A          100%        4    ####...
 Cause Fear               Hex            #.........   100%        4    ####...
 Ice Form                 Ice/Tmut       #.......     100%        4    ####...
 Olgreb's Toxic Radiance  Pois           #.......     100%        4    ####...
 Sticky Flame             Conj/Fire      #.......     100%        4    ####...
 Summon Ice Beast         Ice/Summ       #.......     100%        4    ####...
 Summon Lightning Spire   Summ/Air       #.......     100%        4    ####...
 Alistair's Intoxication  Tmut/Pois      #.......     100%        5    ######.
 Aura of Abjuration       Summ           #.........   100%        5    ######.
 Bolt of Magma            Conj/Fire/Erth #.........   100%        5    ######.
 Borgnjor's Vile Clutch   Necr/Erth      ##........   100%        5    ######.
 Fireball                 Conj/Fire      #.........   100%        5    ######.
 Iskenderun's Battlesphe  Conj/Chrm      ##......     100%        5    ######.
 Lightning Bolt           Conj/Air       #.........   100%        5    ######.
 Silence                  Hex/Air        #.........   100%        5    ######.
 Summon Demon             Summ           #.........   100%        5    ######.
 Summon Forest            Summ/Tloc      #.........   100%        5    ######.
 Summon Mana Viper        Hex/Summ       #.......     100%        5    ######.
 Venom Bolt               Conj/Pois      #.........   100%        5    ######.
 Yara's Violent Unravell  Hex/Tmut       #.........   100%        5    ######.
 Bolt of Cold             Conj/Ice       #.........   100%        6    #######
 Darkness                 Hex            #.........   100%        6    #######
 Death Channel            Necr           #.........   100%        6    #######
 Freezing Cloud           Conj/Ice/Air   #.........   100%        6    #######
 Hydra Form               Tmut           ##........   100%        6    #######
 Invisibility             Hex            #.......     100%        6    #######
 Iron Shot                Conj/Erth      ##........   100%        6    #######
 Shadow Creatures         Summ           N/A          100%        6    #######
 Simulacrum               Ice/Necr       #.........   100%        6    #######
 Dragon Form              Tmut           ##........   100%        7    #######
 Orb of Destruction       Conj           #.........   100%        7    #######
 Spellforged Servitor     Conj/Summ      #.........   100%        7    #######
 Discord                  Hex            #.........   100%        8    #######
 Ignition                 Fire           #.........   100%        8    #######
 Shatter                  Erth           ###.......   100%        9    #######
 Tornado                  Air            ##........   100%        9    #######


Dungeon Overview and Level Annotations

Branches:
Dungeon (15/15)            Temple (0/1) D:6            Lair (6/6) D:8
 Shoals (4/4) Lair:4       Spider (4/4) Lair:4        Slime (5/5) Lair:6
    Orc (2/2) D:10            Elf (0/3) Orc:2        Vaults (4/5) D:14
  Crypt (3/3) Vaults:2       Tomb (1/3) Crypt:3      Depths (1/5) D:15

Altars:
Dithmenos
Kikubaaqudgha
Ru
Sif Muna
Yredelemnul
The Shining One
Jiyva

Shops:
D:10 (   Orc:1 (%[:   Orc:2 *=?=!   Vaults:1 ==}

Portals:
Pandemonium: Depths:1

Annotations:
D:5 2 runed doors, Lew's ghost, novice FoFi
Vaults:4 Mara
Crypt:2 Frederick
Pan Gloorx Vloq; Mnoleg


Innate Abilities, Weirdness & Mutations

You have hooves in place of feet.
Armour fits poorly on your strangely shaped body.
You cover ground very quickly.
You have extremely tough skin. (AC +3)
You have a pair of small horns on your head.
You are clumsy. (Dex -2)
You are dopey. (Int -2)
You are frail. (-10% HP)
You have an increased reservoir of magic. (+10% MP)
You are resistant to hostile enchantments. (MR+)
You do not regenerate when monsters are visible.
You are very weak. (Str -4)
Potions are less effective at restoring your health.


Message History

Your body is wracked with pain!
* * * LOW HITPOINT WARNING * * *
You hear a shout!
The sixfirhy hits you but does no damage.
The floating eye's stare focuses on you.
Unknown command.
The sixfirhy hits you but does no damage.
The stone giant rages.
You hear a shout!
The neqoxec gestures at you.
Something tries to feed on your intellect!
You hear a shout!
The floating eye gazes piercingly through you!
You suddenly lose the ability to move!
The stone giant hits you!
* * * LOW HITPOINT WARNING * * *
Your surroundings suddenly seem different.
The Executioner gives a hideous shriek!
You hear an angry growl.
You hear a shout! x3
The Executioner hits you!
You die...

*#..*#...#...### ##.##
*...##.........# ##A#
**.........M....# ##.##
*,..............##
##3##
*,...X.........∩.#
##.##
*,..∩...Z.......#*##3##
**,..............###.##
,,,....M..........#.##
*,,...2s.###...1@..##
**,....#** #....(###
*,...,* #......##
**,.,,,* #.......#
**,,,,,* #.%.....#
,*,,,,** ##......#
***,,,* #.[/...#
***,,,* #..(...#
*,**,,* ##......#


You could see an Executioner, a mummy and a black mamba zombie.

Vanquished Creatures
  An ancient lich (Crypt:3)
  A juggernaut (Zig:3)
  Margery (Vaults:3)
  Saint Roka (Crypt:2)
  A hellephant (Pan)
  An Ice Fiend (Pan)
  A deep elf master archer (Zig:9)
  A lich (Crypt:3)
  2 sphinxes
  12 Executioners (Pan)
  18 acid blobs
  Gastronok (Lair:1)
  4 ancient champions
  A storm dragon (Vaults:1)
  A shadow dragon (Zig:8)
  4 revenants
  Kirke (D:14)
  A tengu reaver (Vaults:3)
  3 fire giants (Vaults:3)
  6 azure jellies
  2 deep elf sorcerers (Vaults:2)
  A frost giant (IceCv)
  4 ghost moths (Spider:4)
  6 balrugs (Pan)
  Roxanne (D:14)
  6 cacodemons (Pan)
  A juggernaut zombie (Zig:4)
  8 vault wardens
  A ghoul (Crypt:3)
  2 curse skulls (Pan)
  2 emperor scorpions (Spider:4)
  A war gargoyle (Vaults:1)
  4 reapers (Pan)
  8 stone giants
  7 ironheart preservers
  6 very ugly things
  13 vampire knights
  2 corrupters (Pan)
  An entropy weaver (Vaults:2)
  5 black suns
  4 blood saints (Pan)
  Nessos (D:12)
  10 lorocyprocas (Pan)
  A minotaur (Lab)
  A dire elephant (D:15)
  A deep elf death mage (Crypt:3)
  An ettin (Vaults:2)
  6 blizzard demons (Pan)
  3 eidola (Crypt:3)
  6 death oozes
  4 green deaths (Pan)
  A quicksilver dragon zombie (Crypt:3)
  A mummy priest (Zig:4)
  2 deep elf high priests (Zig:9)
  Josephine (Shoals:1)
  5 great orbs of eyes
  4 ogre magi
  Fannar (D:11)
  A catoblepas (Zig:2)
  18 jiangshi (Crypt:3)
  Harold (Orc:1)
  2 rakshasas
  An ice dragon (Vaults:2)
  13 vault guards
  4 hydras
  2 hell beasts (Pan)
  2 merfolk avatars
  A naga warrior (Zig:1)
  8 yaktaur captains
  8 monstrous demonspawn (Pan)
  6 centaur warriors
  17 two-headed ogres
  3 death knights
  The ghost of Curus the Cleaver, a novice MiBe of Trog (Lair:2)
  A merfolk aquamancer (Shoals:1)
  Erica (D:9)
  An alligator snapping turtle (Shoals:1)
  11 death yaks
  A tengu warrior (D:14)
  8 vampire magi
  Urug (D:11)
  2 dancing weapons (Zig:9)
  3 orc high priests
  A titan skeleton (Pan)
  6 deep elf knights
  13 shadow wraiths
  25 soul eaters
  22 sun demons (Pan)
  6 sea snakes
  24 skeletal warriors
  A fire crab (shapeshifter) (D:15)
  2 spectral death yaks (Lair:2)
  A salamander mystic (Zig:1)
  An unseen horror (D:15)
  3 hell knights (Vaults:3)
  An anaconda zombie (Crypt:3)
  10 sixfirhies (Pan)
  2 infernal demonspawn (Pan)
  3 deep trolls
  A glowing orange brain (Vaults:1)
  4 torturous demonspawn (Pan)
  An unseen horror (shapeshifter) (Zig:9)
  7 gelid demonspawn (Pan)
  A shadow demon (Pan)
  A spriggan druid (Zig:2)
  3 flayed ghosts
  2 wizards
  15 phantasmal warriors
  2 deep elf archers
  15 harpies
  5 necromancers
  12 ironbrand convokers
  An orb spider (shapeshifter) (Vaults:3)
  8 orb spiders
  An iron dragon zombie (Vaults:2)
  13 orc knights
  12 deep elf magi
  2 tengu skeletons
  3 oklob plants
  13 wolf spiders
  3 fauns (Shoals:2)
  16 ugly things
  3 shining eyes
  10 manticores
  8 large abominations (Pan)
  5 orc sorcerers
  A fire giant zombie (Vaults:3)
  A salamander (D:15)
  10 cyclopes
  A merfolk siren (Shoals:4)
  3 rust devils (Pan)
  4 vault sentinels
  A stone giant skeleton (Pan)
  3 fire giant skeletons (Pan)
  3 moths of wrath
  An ice statue (IceCv)
  2 black mambas
  A water nymph (Shoals:4)
  A human skeleton (Vaults:2)
  2 frost giant skeletons
  2 elephants (Lair:6)
  4 eyes of devastation
  4 smoke demons (Pan)
  3 centaur skeletons
  A torpor snail (Spider:1)
  11 orange demons (Pan)
  9 spiny frogs
  A shock serpent skeleton (Pan)
  3 kobold demonologists
  A purple draconian zombie (Crypt:3)
  2 gargoyles (D:15)
  4 guardian mummies (Crypt:3)
  18 hellions (Pan)
  A yaktaur zombie (Vaults:3)
  12 demonic crawlers
  2 ice devils (Pan)
  5 rime drakes
  An efreet (D:10)
  A black draconian skeleton (Crypt:3)
  43 yaktaurs
  6 freezing wraiths
  8 komodo dragons
  7 tormentors (Pan)
  6 hellwings (Pan)
  A white draconian skeleton (Crypt:2)
  3 tengu conjurers (D:14)
  10 jumping spiders
  3 red devils (Pan)
  21 polar bears
  12 tyrant leeches (Spider:1)
  3 wind drakes
  8 merfolk
  15 trolls
  89 slime creatures
  6 hornets
  An ettin zombie (Crypt:3)
  11 blink frogs
  4 snapping turtles
  2 harpy skeletons (Pan)
  A meliai zombie (D:14)
  11 hippogriffs
  2 dream sheep (Shoals:2)
  A fire dragon zombie (Crypt:3)
  A frost giant simulacrum (Vaults:1)
  An ice dragon skeleton (Crypt:1)
  3 ettin skeletons
  2 shadows (D:14)
  An air elemental (Zig:9)
  62 yaks
  11 ynoxinuls (Pan)
  5 water elementals
  A yak (shapeshifter) (Vaults:1)
  21 tarantellas
  An ushabti (Zig:4)
  7 wyverns
  3 fire bats (Pan)
  A fire elemental (Zig:9)
  5 vampire mosquitoes
  15 wraiths
  33 redbacks
  6 golden eyes (Slime:5)
  Grum (Lair:1)
  6 basilisks
  A black mamba skeleton (Pan)
  A spectral komodo dragon (Lair:2)
  A death yak simulacrum (Lair:2)
  2 hogs (D:14)
  8 wargs
  3 chaos spawn (Pan)
  3 acid dragons
  4 swamp worms (Spider:1)
  A neqoxec (Pan)
  A monstrous demonspawn skeleton (Crypt:2)
  A soldier ant (shapeshifter) (D:14)
  A spectral spiny frog (Lair:2)
  A hydra simulacrum (Lair:2)
  A soldier ant (D:15)
  A floating eye (Slime:5)
  10 water moccasins
  5 porcupines
  6 eyes of draining
  3 sky beasts
  An ettin simulacrum (Vaults:2)
  38 orc warriors
  A black bear (shapeshifter) (D:14)
  A dream sheep zombie (Crypt:2)
  2 phantoms (D:12)
  An ice beast (D:9)
  2 necrophages (Crypt:3)
  36 wolves
  31 ogres
  22 centaurs
  9 crocodiles
  A manticore skeleton (Crypt:3)
  2 big kobolds
  12 bullfrogs
  A gnoll sergeant (D:7)
  2 earth elementals (Zig:9)
  A wyvern zombie (D:13)
  A human simulacrum (Vaults:3)
  A hornet simulacrum (D:14)
  4 scorpions
  A dream sheep simulacrum (Lair:2)
  21 killer bees
  16 wights
  3 howler monkeys
  4 electric eels
  A troll skeleton (Pan)
  9 crimson imps
  6 centaur zombies
  5 bullfrog zombies
  5 jellies
  6 hounds
  A human zombie (Crypt:3)
  18 orc priests
  A bullfrog skeleton (D:13)
  Natasha (D:3)
  4 iguanas
  20 orc wizards
  A porcupine zombie (Crypt:3)
  A lightning spire (Zig:8)
  14 worker ants
  An acid dragon skeleton (Crypt:2)
  A hound skeleton (D:4)
  10 mummies
  11 gnolls
  6 adders
  5 shadow imps
  12 white imps (Orc:1)
  6 oozes
  2 adder zombies
  2 adder skeletons
  4 worms (Lair:4)
  5 leopard geckos
  71 orcs
  3 giant cockroaches
  7 hobgoblins
  11 kobolds
  2 quokkas
  2 bats
  3 frilled lizards
  21 goblins
  A goblin zombie (Crypt:3)
  2 quokka skeletons
  2 rats (D:2)
  3 fungi
  8 plants
1742 creatures vanquished.

Vanquished Creatures (collateral kills)
  Mennas (Pan)
  A juggernaut (Slime:5)
  4 acid blobs (Slime:5)
  3 Executioners (Pan)
  2 azure jellies (Slime:5)
  2 emperor scorpions (Spider:4)
  2 warmongers (Pan)
  2 cacodemons (Pan)
  A corrupter (Pan)
  A lorocyproca (Pan)
  A merfolk javelineer (Shoals:4)
  An ettin (Orc:2)
  4 death oozes (Slime:5)
  2 green deaths (Pan)
  3 merfolk impalers (Shoals:4)
  A merfolk avatar (Shoals:4)
  5 two-headed ogres (Orc:2)
  A merfolk aquamancer (Shoals:4)
  2 ogre magi (Orc:2)
  2 sun demons (Pan)
  Sonja (Lair:2)
  A soul eater (Pan)
  A skeletal warrior (Crypt:2)
  2 sixfirhies (Pan)
  A torturous demonspawn (Pan)
  A flayed ghost (Crypt:2)
  A deep troll (Orc:2)
  An orc knight (Orc:2)
  An orb spider (Spider:4)
  3 wolf spiders (Spider:4)
  An oklob plant (Zig:9)
  2 cyclopes
  A manticore (Shoals:4)
  3 shining eyes
  A water nymph (Shoals:4)
  2 eyes of devastation
  2 orange demons (Pan)
  A hellion (Pan)
  A tormentor (Pan)
  A demonic crawler (Pan)
  2 red devils (Pan)
  2 hellwings (Pan)
  A merfolk (Shoals:4)
  2 hornets (Spider:4)
  5 trolls
  A jumping spider (Spider:4)
  A wind drake (Shoals:4)
  10 slime creatures
  A redback (Spider:4)
  A tarantella (Spider:4)
  An ettin skeleton (Crypt:3)
  A ynoxinul (Pan)
  2 water elementals
  2 wraiths (Crypt:2)
  4 yaks
  2 golden eyes (Slime:5)
  A warg (Orc:2)
  6 orc warriors
  2 eyes of draining (Slime:3)
  2 wolves
  7 ogres (Orc:2)
  3 orc priests (Orc:2)
  8 orcs (Orc:2)
136 creatures vanquished.

Vanquished Creatures (others)
  An eldritch tentacle (Pan)
  An ironheart preserver (Vaults:1)
  A centaur warrior (Vaults:1)
  An ogre mage (Vaults:1)
  A two-headed ogre (Vaults:1)
  A shadow wraith (Pan)
  An unseen horror (Vaults:1)
  A gelid demonspawn (Pan)
  2 deep elf archers (Vaults:1)
  2 deep elf magi (Vaults:1)
  A vault sentinel (Vaults:1)
  A slime creature (Vaults:1)
  A fire bat (Pan)
  3 humans (D:14)
  A neqoxec (Pan)
  An ogre (Vaults:1)
  3 wolves (IceCv)
  2 demonic plants (Pan)
  3 fire vortices (Pan)
  4 fungi (Lair:6)
  21 plants
53 creatures vanquished.

Grand Total: 1931 creatures vanquished

Notes
Turn   | Place    | Note
-------+----------+-------------------------------------------
     0 | D:1      | Lavandula the Centaur Berserker began the quest for the Orb.
     0 | D:1      | Reached XP level 1. HP: 19/19 MP: 1/1
   235 | D:2      | Reached skill level 3 in Axes
   329 | D:2      | Reached XP level 2. HP: 26/26 MP: 2/2
   418 | D:4      | Found Zihyv's Magic Scroll Shoppe.
   431 | D:3      | Noticed Natasha
   439 | D:3      | Killed Natasha
   439 | D:3      | Reached XP level 3. HP: 24/31 MP: 3/3
   559 | D:5      | Entered Level 5 of the Dungeon
   606 | D:4      | Reached skill level 4 in Axes
   656 | D:4      | Reached XP level 4. HP: 30/38 MP: 4/4
   657 | D:4      | Noticed an ogre
   664 | D:4      | Killed an ogre
   664 | D:4      | Reached skill level 5 in Axes
   664 | D:4      | Reached XP level 5. HP: 45/45 MP: 5/5
   682 | D:4      | Got a transparent plate armour
   693 | D:4      | Identified the +9 plate armour of Jaikk {rN+} (You found it on level 4 of the Dungeon)
   705 | D:5      | Found a large runed door.
   705 | D:5      | Found a large runed door.
   705 | D:5      | Noticed Lew's ghost (novice FoFi)
   711 | D:5      | Noticed a sky beast
   855 | D:6      | Found a staircase to the Ecumenical Temple.
   919 | D:5      | Found the +2 ratskin cloak {+Rats rPois rN+ Str-1 Int-1 Dex+1}
  1000 | D:5      | Reached skill level 6 in Axes
  1072 | D:5      | Reached XP level 6. HP: 47/51 MP: 6/6
  1184 | D:5      | Reached ** piety under Trog
  1320 | D:6      | Noticed a sky beast
  1356 | D:6      | Killed a sky beast
  1356 | D:6      | Reached skill level 7 in Axes
  1575 | D:6      | Reached skill level 1 in Shields
  1575 | D:6      | Reached XP level 7. HP: 53/57 MP: 7/7
  1843 | D:7      | Reached skill level 1 in Evocations
  1865 | D:7      | Found a deep blue altar of Sif Muna.
  1865 | D:7      | Found an ancient bone altar of Kikubaaqudgha.
  1944 | D:7      | Found a sacrificial altar of Ru.
  1992 | D:7      | Reached XP level 8. HP: 63/63 MP: 8/10
  1999 | D:7      | Reached *** piety under Trog
  1999 | D:7      | Reached skill level 1 in Throwing
  2013 | D:7      | Found a basalt altar of Yredelemnul.
  2652 | D:9      | Noticed a hippogriff
  2660 | D:9      | Killed a hippogriff
  2660 | D:9      | Reached XP level 9. HP: 43/69 MP: 11/11
  2694 | D:9      | Noticed Erica
  2700 | D:9      | Killed Erica
  2700 | D:9      | Received a gift from Trog
  2700 | D:9      | Reached skill level 8 in Axes
  2820 | D:9      | Found a glowing golden altar of the Shining One.
  2830 | D:9      | Reached skill level 9 in Axes
  2897 | D:10     | Entered Level 10 of the Dungeon
  3106 | D:9      | Reached skill level 10 in Axes
  3121 | D:9      | Reached XP level 10. HP: 77/77 MP: 10/12
  3157 | D:9      | Reached **** piety under Trog
  3367 | D:10     | Found Erohan's Weapon Boutique.
  3423 | D:10     | Noticed a two-headed ogre
  3428 | D:10     | Killed a two-headed ogre
  3456 | D:10     | Noticed a tengu warrior
  3458 | D:10     | Noticed a tengu warrior
  3559 | D:10     | Reached skill level 11 in Axes
  3752 | D:10     | Found a staircase to the Orcish Mines.
  3806 | Orc:1    | Entered Level 1 of the Orcish Mines
  3815 | Orc:1    | Found Onoo's Food Shop.
  3816 | Orc:1    | Found a frozen archway.
  3835 | IceCv    | Entered an ice cave
  3879 | IceCv    | Reached skill level 12 in Axes
  3887 | IceCv    | Reached XP level 11. HP: 89/89 MP: 13/13
  4187 | IceCv    | Reached ***** piety under Trog
  4191 | IceCv    | Reached skill level 13 in Axes
  4503 | IceCv    | Noticed a death yak
  4522 | IceCv    | Killed a death yak
  4592 | IceCv    | Reached skill level 14 in Axes
  4619 | IceCv    | Noticed a death yak
  4619 | IceCv    | Noticed a frost giant
  4627 | IceCv    | Reached skill level 5 in Armour
  4631 | IceCv    | Killed a death yak
  4634 | IceCv    | Killed a frost giant
  4634 | IceCv    | Reached XP level 12. HP: 84/96 MP: 14/14
  4660 | IceCv    | Identified the Volume of the Frostbite
  4722 | Orc:1    | Found Pezew's Antique Weapon Shop.
  4730 | Orc:1    | Bought a scorched hand axe for 272 gold pieces
  4730 | Orc:1    | Identified the +4 hand axe of Beyond {holy, rN+ Int+3} (You bought it in a shop on level 1 of the Orcish Mines)
  4752 | Orc:2    | Entered Level 2 of the Orcish Mines
  4772 | Orc:1    | Noticed Harold
  4783 | Orc:1    | Killed Harold
  4890 | Orc:1    | Noticed an orc high priest
  4899 | Orc:1    | Noticed an orc high priest
  4945 | Orc:1    | Killed an orc high priest
  4947 | Orc:1    | Received a gift from Trog
  4972 | Orc:1    | Paralysed by an orc sorcerer for 6 turns
  5175 | Orc:2    | Noticed an ogre mage
  5188 | Orc:2    | Killed an ogre mage
  5215 | Orc:2    | Noticed an ettin
  5220 | Orc:2    | Killed an ettin
  5222 | Orc:2    | Noticed a two-headed ogre
  5225 | Orc:2    | Noticed a two-headed ogre
  5227 | Orc:2    | Noticed a two-headed ogre
  5228 | Orc:2    | Killed a two-headed ogre
  5231 | Orc:2    | Noticed a two-headed ogre
  5232 | Orc:2    | Noticed a two-headed ogre
  5233 | Orc:2    | Noticed a two-headed ogre
  5235 | Orc:2    | Killed a two-headed ogre
  5245 | Orc:1    | Killed a two-headed ogre
  5245 | Orc:1    | Reached skill level 5 in Dodging
  5353 | Orc:1    | Killed an orc high priest
  5389 | Orc:1    | Found Riesekurr's Book Boutique.
  5393 | Orc:1    | Found Ricazul's Armour Shop.
  5407 | Orc:1    | Bought the +3 buckler of the Yeti {rPois Int+6 Dex-5 SInv} for 629 gold pieces
  5407 | Orc:1    | Bought a +0 centaur barding for 391 gold pieces
  5469 | Orc:2    | Found Fojouso's Magic Scroll Shop.
  5490 | Orc:2    | Noticed an ogre mage
  5496 | Orc:2    | Killed a two-headed ogre
  5501 | Orc:2    | Killed a two-headed ogre
  5501 | Orc:2    | Reached XP level 13. HP: 59/102 MP: 5/15
  5559 | Orc:2    | Found Mahaedghu's Jewellery Shop.
  5653 | Orc:2    | Found Pafuv's Distillery.
  5666 | Orc:2    | Found Meanegei's Jewellery Shoppe.
  5668 | Orc:2    | Bought a potion of curing for 36 gold pieces
  5668 | Orc:2    | Bought a potion of degeneration for 12 gold pieces
  5668 | Orc:2    | Bought a potion of haste for 120 gold pieces
  5668 | Orc:2    | Bought a potion of agility for 48 gold pieces
  5679 | Orc:2    | Found Vanuoq's General Store.
  5778 | Orc:2    | Found a staircase to the Elven Halls.
  6002 | Orc:2    | Bought a potion of mutation for 96 gold pieces
  6002 | Orc:2    | Bought a potion of brilliance for 48 gold pieces
  6020 | Orc:2    | Bought 2 scrolls of blinking for 195 gold pieces
  6020 | Orc:2    | Bought a scroll of teleportation for 39 gold pieces
  6020 | Orc:2    | Bought a scroll of teleportation for 39 gold pieces
  6107 | D:11     | Received a gift from Trog
  6123 | D:11     | Noticed Urug
  6144 | D:11     | Killed Urug
  6144 | D:11     | Reached skill level 15 in Axes
  6299 | D:12     | Found a flagged portal.
  6312 | Bailey   | Entered a bailey
  6341 | Bailey   | Found an iron altar of Okawaru.
  6349 | Bailey   | Received a gift from Trog
  6733 | D:12     | Received a gift from Trog
  6835 | D:11     | Noticed Fannar
  6864 | D:11     | Killed Fannar
  7202 | D:8      | Found a staircase to the Lair.
  7217 | Lair:1   | Entered Level 1 of the Lair of Beasts
  7221 | Lair:1   | Gained mutation: You have an increased reservoir of magic. (+10% MP) [potion of mutation]
  7221 | Lair:1   | Gained mutation: You are resistant to hostile enchantments. (MR+) [potion of mutation]
  7221 | Lair:1   | Gained mutation: You have a pair of small horns on your head. [potion of mutation]
  7238 | Lair:1   | Noticed Gastronok
  7248 | Lair:1   | Killed Gastronok
  7248 | Lair:1   | Reached skill level 16 in Axes
  7328 | Lair:1   | Noticed Grum
  7347 | Lair:1   | Killed Grum
  7463 | Lair:1   | Received a gift from Trog
  7532 | Lair:2   | Noticed Sonja
  7540 | Lair:2   | Killed Sonja
  7546 | Lair:2   | Found a runed gate.
  7549 | Lair:2   | Found a runed gate.
  7549 | Lair:2   | Found a runed gate.
  7550 | Lair:2   | Noticed Curus's ghost (novice MiBe)
  7714 | Lair:3   | Upgraded the game from 0.22.0-38-g04b72b8 to 0.22.0-40-g68aacdc
  7730 | Lair:2   | Reached XP level 14. HP: 105/113 MP: 17/17
  7949 | Lair:3   | Received a gift from Trog
  8126 | Lair:4   | Found a hole to the Spider Nest.
  8181 | Lair:4   | Received a gift from Trog
  8271 | Lair:5   | Reached skill level 10 in Fighting
  8302 | Lair:6   | Entered Level 6 of the Lair of Beasts
  8340 | Lair:6   | Got a shimmering leather armour
  8569 | Lair:6   | Reached skill level 5 in Evocations
  8616 | Lair:6   | Found a staircase to the Slime Pits.
  8925 | Lair:4   | Found a staircase to the Shoals.
  8974 | Shoals:1 | Entered Level 1 of the Shoals
  9037 | Shoals:1 | Reached ****** piety under Trog
  9049 | Shoals:1 | Noticed Josephine
  9058 | Shoals:1 | Killed Josephine
  9068 | Shoals:1 | Reached XP level 15. HP: 122/126 MP: 23/23
  9202 | Lair:4   | Identified the +3 leather armour of Valiance {+Inv MR+ Dex+3} (You found it on level 6 of the Lair of Beasts)
  9256 | Shoals:1 | Received a gift from Trog
  9458 | Shoals:4 | Entered Level 4 of the Shoals
  9654 | Shoals:4 | Reached skill level 10 in Evocations
  9753 | Shoals:4 | Got a barnacled rune of Zot
  9871 | Spider:1 | Entered Level 1 of the Spider Nest
 10077 | Spider:1 | Received a gift from Trog
 10334 | Spider:2 | Reached skill level 17 in Axes
 10526 | Spider:4 | Entered Level 4 of the Spider Nest
 10629 | Spider:4 | Noticed a ghost moth
 10648 | Spider:4 | Killed a ghost moth
 10717 | Spider:4 | Reached XP level 16. HP: 134/134 MP: 18/25
 10790 | Spider:4 | Paralysed by a hornet for 3 turns
 10817 | Spider:4 | Received a gift from Trog
 10817 | Spider:4 | Reached skill level 18 in Axes
 10925 | Spider:4 | Got a gossamer rune of Zot
 11437 | D:14     | Noticed Roxanne
 11463 | D:14     | Killed Roxanne
 11464 | D:14     | Identified Roxanne's Grimoire of Shape Shifting (You took it off Roxanne on level 14 of the Dungeon)
 11485 | D:14     | Found a labyrinth entrance.
 11510 | Lab      | Entered a labyrinth
 11782 | Lab      | Identified Kakubir's Tome of the Traveller
 11830 | D:14     | Found a gate to the Vaults.
 11874 | D:15     | Entered Level 15 of the Dungeon
 11883 | D:15     | Reached skill level 19 in Axes
 12130 | D:12     | Noticed Nessos
 12135 | D:12     | Killed Nessos
 12308 | D:14     | Noticed Kirke
 12319 | D:14     | Killed Kirke
 12526 | Vaults:1 | Entered Level 1 of the Vaults
 12556 | Vaults:1 | Received a gift from Trog
 12960 | Slime:1  | Entered Level 1 of the Pits of Slime
 12960 | Slime:1  | Noticed an acid blob
 12969 | Slime:1  | Killed an acid blob
 13269 | Orc:2    | Bought a scroll of vulnerability for 97 gold pieces
 13269 | Orc:2    | Bought a scroll of magic mapping for 45 gold pieces
 13287 | Orc:2    | Bought 2 potions of haste for 240 gold pieces
 13287 | Orc:2    | Bought a potion of agility for 48 gold pieces
 13287 | Orc:2    | Bought a potion of curing for 36 gold pieces
 13287 | Orc:2    | Bought a potion of curing for 36 gold pieces
 13287 | Orc:2    | Bought a potion of curing for 36 gold pieces
 13298 | Orc:2    | Bought a potion of cancellation for 104 gold pieces
 13298 | Orc:2    | Bought a scroll of identify for 26 gold pieces
 13628 | Slime:1  | Noticed an acid blob
 13642 | Slime:1  | Killed an acid blob
 13642 | Slime:1  | Reached XP level 17. HP: 138/145 MP: 27/27
 13707 | Slime:2  | Received a gift from Trog
 13772 | Slime:3  | Noticed an acid blob
 13792 | Slime:3  | Killed an acid blob
 13804 | Slime:3  | Noticed an acid blob
 13811 | Slime:3  | Lost mutation: You have an increased reservoir of magic. (+10% MP) [a shining eye]
 13812 | Slime:3  | Killed an acid blob
 13928 | Slime:4  | Received a gift from Trog
 13929 | Slime:4  | Noticed an acid blob
 13982 | Slime:4  | Killed an acid blob
 14019 | Slime:5  | Entered Level 5 of the Pits of Slime
 14036 | Slime:5  | Noticed an acid blob
 14045 | Slime:5  | Killed an acid blob
 14070 | Slime:5  | Found a viscous altar of Jiyva.
 14071 | Slime:5  | Noticed the Royal Jelly
 14071 | Slime:5  | Noticed an acid blob
 14071 | Slime:5  | Paralysed by a floating eye for 2 turns
 14086 | Slime:5  | Noticed a juggernaut shaped Royal Jelly
 14086 | Slime:5  | the Royal Jelly changed into a juggernaut shaped Royal Jelly
 14086 | Slime:5  | Noticed an acid blob
 14086 | Slime:5  | Noticed an acid blob
 14086 | Slime:5  | Noticed an acid blob
 14086 | Slime:5  | Noticed an acid blob
 14086 | Slime:5  | Noticed an acid blob
 14086 | Slime:5  | Noticed an acid blob
 14109 | Slime:4  | Gained mutation: You are weak. (Str -2) [a shining eye]
 14282 | Slime:5  | Noticed an acid blob
 14285 | Slime:5  | Killed an acid blob
 14291 | Slime:5  | Killed an acid blob
 14291 | Slime:5  | Noticed an acid blob
 14299 | Slime:5  | Killed an acid blob
 14310 | Slime:4  | HP: 6/152 [azure jelly[a juggernaut shaped Royal Jelly] (27)]
 14664 | Slime:5  | Killed an acid blob
 14668 | Slime:5  | Killed an acid blob
 14811 | Slime:5  | Killed an acid blob
 14950 | Slime:5  | Killed an acid blob
 14954 | Slime:5  | Killed an acid blob
 15031 | Slime:5  | Killed a juggernaut shaped Royal Jelly
 15044 | Slime:5  | Killed an acid blob
 15052 | Slime:5  | Noticed an acid blob
 15052 | Slime:5  | Noticed an acid blob
 15063 | Slime:5  | Killed an acid blob
 15066 | Slime:5  | Killed an acid blob
 15104 | Slime:5  | Got a pair of faintly humming gloves
 15115 | Slime:5  | Identified the cursed -5 pair of gloves "Homiysao" {+Fly rElec rC+++ Str-4} (You found it on level 5 of the Pits of Slime)
 15126 | Slime:5  | Found the amulet of the Air {Inacc +Fly rElec EV+5 RMsl}
 15166 | Slime:5  | Noticed an acid blob
 15180 | Slime:5  | Killed an acid blob
 15268 | Slime:5  | Identified the Compendium of Virous Augmentations
 15306 | Slime:5  | Got a slimy rune of Zot
 15370 | Slime:5  | Noticed an acid blob
 15383 | Slime:5  | Reached skill level 15 in Fighting
 15390 | Slime:5  | Killed an acid blob
 15599 | Lair:2   | Killed Curus's ghost
 15967 | Vaults:1 | Found Ynaet's Gadget Boutique.
 15968 | Vaults:1 | Found Lisiuxkoudd's Jewellery Emporium.
 16012 | Vaults:1 | Reached XP level 18. HP: 162/162 MP: 25/25
 16219 | Vaults:1 | Reached skill level 10 in Armour
 16263 | Vaults:1 | Received a gift from Trog
 16953 | Vaults:3 | Noticed Margery
 16962 | Vaults:3 | Received a gift from Trog
 16970 | Vaults:3 | Killed Margery
 17144 | Vaults:4 | Noticed Mara
 17520 | Vaults:2 | Reached XP level 19. HP: 159/178 MP: 26/26
 17621 | Vaults:2 | Received a gift from Trog
 17903 | Vaults:1 | Found Saubouf's Jewellery Boutique.
 18160 | Vaults:1 | Bought the ring "Wofef" {+Inv rElec rPois rN+ MR+} for 711 gold pieces
 18218 | Vaults:2 | Received a gift from Trog
 18289 | Vaults:2 | Received a gift from Trog
 18472 | Vaults:2 | Reached skill level 20 in Axes
 19240 | Vaults:2 | Found a staircase to the Crypt.
 19254 | Crypt:1  | Entered Level 1 of the Crypt
 19690 | Crypt:2  | Reached XP level 20. HP: 193/193 MP: 27/27
 19699 | Crypt:2  | Received a gift from Trog
 19704 | Crypt:2  | Noticed Saint Roka
 19772 | Crypt:2  | Killed Saint Roka
 19885 | Crypt:3  | Entered Level 3 of the Crypt
 19958 | Crypt:3  | Received a gift from Trog
 20211 | Crypt:3  | Noticed an ancient lich
 20224 | Crypt:3  | Killed an ancient lich
 20430 | Crypt:3  | Received a gift from Trog
 20622 | Crypt:3  | Reached skill level 21 in Axes
 20688 | Crypt:2  | Noticed Frederick
 20744 | Crypt:3  | Received a gift from Trog
 20789 | Crypt:3  | Found a staircase to the Tomb.
 20794 | Tomb:1   | Entered Level 1 of the Tomb of the Ancients
 20881 | Crypt:3  | Found an ancient bone altar of Kikubaaqudgha.
 20968 | Crypt:3  | Received a gift from Trog
 21443 | D:9      | Fell from the grace of Trog
 21443 | D:9      | Became a worshipper of the Shining One
 21446 | D:9      | Learned a level 1 spell: Apportation
 21449 | D:9      | Learned a level 2 spell: Blink
 21452 | D:9      | Learned a level 2 spell: Shroud of Golubria
 21455 | D:9      | Learned a level 2 spell: Song of Slaying
 21460 | D:9      | Learned a level 4 spell: Passage of Golubria
 21467 | D:9      | Learned a level 6 spell: Deflect Missiles
 21684 | D:15     | Reached skill level 1 in Spellcasting
 21743 | D:15     | Reached XP level 21. HP: 120/202 MP: 28/28
 21745 | D:15     | Reached * piety under the Shining One
 21873 | D:15     | Found a shadowy altar of Dithmenos.
 22104 | D:15     | Found a staircase to the Depths.
 22126 | D:15     | Learned a level 5 spell: Irradiate
 22127 | Depths:1 | Entered Level 1 of the Depths
 22145 | Depths:1 | Found a gateway to a ziggurat.
 22153 | Depths:1 | Found a one-way gate leading to the halls of Pandemonium.
 22157 | Depths:1 | Got a slimy golden amulet
 22159 | Depths:1 | Identified the amulet "Yrphuzisk" {RegenMP Int+2} (You acquired it on level 1 of the Depths)
 22202 | Zig:1    | Entered Level 1 of a ziggurat
 22227 | Zig:2    | Entered Level 2 of a ziggurat
 22254 | Zig:2    | Learned a level 1 spell: Summon Butterflies
 22261 | Zig:3    | Entered Level 3 of a ziggurat
 22264 | Zig:3    | Noticed a juggernaut
 22299 | Zig:3    | Killed a juggernaut
 22509 | Zig:4    | Entered Level 4 of a ziggurat
 22516 | Zig:4    | Reached skill level 5 in Spellcasting
 22520 | Zig:4    | Reached ** piety under the Shining One
 22679 | Zig:5    | Entered Level 5 of a ziggurat
 22810 | Zig:6    | Entered Level 6 of a ziggurat
 22842 | Zig:7    | Entered Level 7 of a ziggurat
 22941 | Zig:7    | Noticed a greater mummy
 22947 | Zig:7    | Noticed a greater mummy
 22948 | Zig:7    | HP: 10/202 [guardian mummy (6)]
 22950 | Zig:8    | Entered Level 8 of a ziggurat
 22950 | Zig:8    | HP: 4/202 [poisoned by an ushabti (dark miasma)]
 23144 | Zig:8    | Reached *** piety under the Shining One
 23145 | Zig:8    | Found the amulet of Vitality {Regen+ HP+15}
 23151 | Zig:8    | Reached skill level 1 in Translocations
 23269 | Zig:9    | Entered Level 9 of a ziggurat
 23338 | Zig:9    | Reached skill level 5 in Translocations
 23480 | Zig:9    | Reached XP level 22. HP: 198/211 MP: 32/32
 23485 | Zig:9    | Got a spiked chain mail
 23496 | Zig:9    | Identified the cursed +0 chain mail "Nyeligar" {rF+ rN+++ Int-3 Stlth-} (You found it on level 9 of a ziggurat)
 23534 | Pan      | Entered Pandemonium
 23534 | Pan      | Reached **** piety under the Shining One
 23614 | Pan      | Noticed Giol the pandemonium lord
 23623 | Pan      | The Shining One protects you from harm!
 23690 | Pan      | Reached ***** piety under the Shining One
 23695 | Pan      | HP: 8/226 [infernal warmonger/glaive of venom (18)]
 23703 | Pan      | Reached skill level 1 in Invocations
 23954 | Pan      | Learned a level 3 spell: Spectral Weapon
 23985 | Pan      | Entered the realm of Gloorx Vloq.
 24020 | Pan      | Reached skill level 5 in Invocations
 24236 | Pan      | Found an exit through the horrors of the Abyss.
 24332 | Pan      | Noticed Mennas
 24378 | Pan      | Killed Mennas
 24568 | Pan      | HP: 11/226 [Executioner (9)]
 24971 | Pan      | Reached ****** piety under the Shining One
 24973 | Pan      | Identified a +4 executioner's axe of holy wrath (a +2 executioner's axe of venom blessed by the Shining One)
 24973 | Pan      | Received a gift from the Shining One
 25033 | Pan      | Reached XP level 23. HP: 186/217 MP: 34/34
 25102 | Pan      | Noticed Gloorx Vloq
 25138 | Pan      | HP: 11/231 [poisoned by Gloorx Vloq (poison arrow)]
 25143 | Pan      | HP: 7/231 [poisoned by Gloorx Vloq (poison arrow)]
 25148 | Pan      | HP: 8/231 [poisoned by Gloorx Vloq (poison arrow)]
 25154 | Pan      | HP: 11/231 [poisoned by Gloorx Vloq (poison arrow)]
 25603 | Pan      | Learned a level 6 spell: Statue Form
 25648 | Pan      | Got a dark rune of Zot
 25657 | Pan      | Reached skill level 1 in Transmutations
 25790 | Pan      | Noticed Joevabb the pandemonium lord
 25884 | Pan      | Gained mutation: You are clumsy. (Dex -2) [a cacodemon]
 25886 | Pan      | Reached skill level 1 in Earth Magic
 26284 | Pan      | Reached skill level 5 in Earth Magic
 26453 | Pan      | The Shining One protects you from harm!
 27036 | Pan      | Reached skill level 1 in Charms
 27145 | Pan      | Got a brightly glowing battleaxe
 27145 | Pan      | Got a demonic rune of Zot
 27156 | Pan      | Identified the +4 battleaxe of Patience {speed, Str+3} (You found it in Pandemonium)
 27701 | Pan      | Reached skill level 5 in Charms
 27887 | Pan      | Found an exit through the horrors of the Abyss.
 28024 | Pan      | Reached skill level 1 in Air Magic
 28649 | Pan      | Entered the realm of Mnoleg.
 28658 | Pan      | Noticed Gloorx Vloq
 28679 | Pan      | Reached XP level 24. HP: 223/223 MP: 34/34
 28777 | Pan      | Gained mutation: You are frail. (-10% HP) [a neqoxec]
 28786 | Pan      | Gained mutation: You are dopey. (Int -2) [a cacodemon]
 28789 | Pan      | Noticed Mnoleg
 28792 | Pan      | Gained mutation: Potions are less effective at restoring your health. [a cacodemon]
 28793 | Pan      | Reached skill level 5 in Transmutations
 28795 | Pan      | Gained mutation: You have an increased reservoir of magic. (+10% MP) [a cacodemon]
 28798 | Pan      | Gained mutation: You are very weak. (Str -4) [a cacodemon]
 28802 | Pan      | Gained mutation: You do not regenerate when monsters are visible. [a neqoxec]
 28828 | Pan      | Paralysed by a floating eye for 2 turns
 28828 | Pan      | HP: 6/215 [stone giant[the rage of Trog] (16)]
 28830 | Pan      | Slain by an Executioner

Skill      XL: |  1  2  3  4  5  6  7  8  9 10 11 12 13 14 15 16 17 18 19 20 21 22 23 24 |
---------------+-------------------------------------------------------------------------+-----
Axes           | 3 4 5 6 7 10 12 14 16 17 19 20 21 | 21.3
Shields        | 1 3 |  3.8
Evocations     | 2 3 8 10 | 10.1
Throwing       | 3 |  3.2
Armour         | 4 6 8 9 11 | 11.0
Fighting       | 6 7 10 11 15 17 19 20 | 20.6
Dodging        | 6 7 8 |  8.0
Spellcasting   | 2 7 |  7.7
Translocations | 5 |  5.5
Invocations    | 9 |  9.7
Transmutations | 4 5 |  5.3
Earth Magic    | 7 |  7.9
Charms         | 7 |  7.0
Air Magic      | 4 |  4.6

Action                   |  1- 3 |  4- 6 |  7- 9 | 10-12 | 13-15 | 16-18 | 19-21 | 22-24 || total
-------------------------+-------+-------+-------+-------+-------+-------+-------+-------++-------
Melee: Hand axe          |    49 |   140 |   213 |    63 |       |       |       |       ||   465
       Kick              |    10 |    31 |    57 |   140 |   280 |   368 |   341 |   213 ||  1440
       War axe           |       |       |       |   433 |  1304 |  1144 |   380 |       ||  3261
       Headbutt          |       |       |       |       |   114 |   256 |   211 |   132 ||   713
       Battleaxe         |       |       |       |       |       |       |   635 |   291 ||   926
       Executioner's axe |       |       |       |       |       |       |       |   458 ||   458
Throw: Stone             |     2 |       |       |       |       |       |       |       ||     2
       Tomahawk          |       |       |       |     7 |       |       |       |       ||     7
       Javelin           |       |       |       |       |     4 |     3 |    13 |    37 ||    57
       Throwing net      |       |       |       |       |       |       |       |     1 ||     1
 Cast: Apportation       |       |       |       |       |       |       |       |    17 ||    17
       Blink             |       |       |       |       |       |       |       |     6 ||     6
       Deflect Missiles  |       |       |       |       |       |       |       |     1 ||     1
Invok: Berserk           |     2 |     2 |     9 |    16 |    18 |    25 |    13 |       ||    85
       Trog's Hand       |       |       |     2 |     8 |     6 |    15 |    11 |       ||    42
       Brothers in Arms  |       |       |       |     5 |     6 |    15 |     5 |       ||    31
       Divine Shield     |       |       |       |       |       |       |     1 |       ||     1
       Summon Divine War |       |       |       |       |       |       |       |    12 ||    12
       Brand Weapon With |       |       |       |       |       |       |       |     1 ||     1
 Abil: Evoke Ratskin     |       |       |     1 |    12 |     6 |    13 |     3 |       ||    35
Evoke: Wand              |       |       |       |     6 |     8 |     6 |     1 |    17 ||    38
       Lightning rod     |       |       |       |     4 |       |     4 |       |     5 ||    13
       Lamp of fire      |       |       |       |       |       |     2 |     4 |     3 ||     9
  Use: Scroll            |       |     1 |     2 |     8 |    19 |    18 |    16 |    20 ||    84
       Potion            |       |       |       |       |     2 |     6 |    13 |    16 ||    37
 Stab: Distracted        |       |       |       |       |       |     1 |       |       ||     1
  Eat: Chunk             |       |     4 |    13 |    25 |    28 |    28 |    15 |     5 ||   118
       Ration            |       |       |       |     3 |    10 |    11 |     8 |     5 ||    37
Armor: Animal skin       |    15 |       |       |       |       |       |       |       ||    15
       Plate armour      |       |    85 |   131 |   311 |  1158 |  1093 |   785 |  1148 ||  4711
       Troll leather arm |       |       |       |       |       |     2 |    23 |    24 ||    49
       Skin              |       |       |       |       |       |       |       |    39 ||    39
Dodge: Dodged            |    25 |    22 |    46 |    93 |   214 |   198 |   212 |   307 ||  1117
       Deflected         |       |       |       |       |       |       |       |     1 ||     1
Block: Buckler           |       |       |    56 |   152 |   394 |   350 |    81 |       ||  1033
       Other             |       |       |       |       |       |       |     6 |       ||     6
